 Dungeon Crawl Stone Soup version 0.27-a0-124-g19cb506db8 (webtiles) character file.

Game seed: 14162169656689893418

25 kae the Ruffian (level 2, 0/23 HPs)
             Began as a Draconian Transmuter on Jan 25, 2021.
             Succumbed to an adder's poison
             ... on level 2 of the Dungeon.
             The game lasted 00:00:43 (1176 turns).

kae the Ruffian (Draconian Transmuter)              Turns: 1176, Time: 00:00:43

Health: 0/23       AC:  4    Str: 12    XL:     2   Next: 82%
Magic:  13/14      EV: 12    Int: 13    God:
Gold:   90         SH:  0    Dex: 11    Spells: 4/5 levels left

rFire    . . .     SeeInvis .     - Unarmed
rCold    . . .     Faith    .   (no shield)
rNeg     . . .     Spirit   .   (armour unavailable)
rPois    .         Reflect  .   (helmet currently unavailable)
rElec    .         Harm     .   (no cloak)
rCorr    .         Rampage  .   (no gloves)
Will     .....                  (boots currently unavailable)
Stlth    +.........             (no amulet)
HPRegen  0.07/turn              b - ring of magical power (curse)
MPRegen  0.14/turn              (no ring)

@: lethally poisoned (0 -> -16), appendages
A: unfitting armour, horns 2, talons 2, cold-blooded, AC +4
a: End Transformation


You were on level 2 of the Dungeon.
You had grown temporary horns.
You had grown temporary talons.
You visited 1 branch of the dungeon, and saw 2 of its levels.

You collected 90 gold pieces.

Inventory:

Jewellery
 b - a cursed ring of magical power (left hand)
 h - a cursed ring of teleportation {unknown}
Scrolls
 c - a scroll of remove curse
 f - a scroll of enchant armour {unknown}
 g - a scroll of fog {unknown}
 i - a scroll of magic mapping {unknown}
Potions
 a - a potion of heal wounds {unknown}
 d - a potion of attraction {unknown}
 e - a potion of flight {unknown}


   Skills:
 + Level 1.4 Fighting
 + Level 2.0 Dodging
 * Level 3.4 Unarmed Combat
 + Level 2.2 Spellcasting
 + Level 2.2 Transmutations


You had 4 spell levels left.
You knew the following spells:

 Your Spells              Type           Power        Failure   Level
a - Beastly Appendage     Tmut           14%          10%         1

Your spell library contained the following spells:

 Spells                   Type           Power        Failure   Level
 Wereblood                Tmut           7%           16%         2
 Spider Form              Tmut/Pois      2%           43%         3
 Ice Form                 Ice/Tmut       4%           83%         4
 Blade Hands              Tmut           3%           95%         5


Dungeon Overview and Level Annotations

Branches:
Dungeon (2/15)

Altars:
Gozag
Qazlal


Innate Abilities, Weirdness & Mutations

Your plain brown scales are hard. (AC +4)
You cannot fit into any form of body armour.
You are cold-blooded and may be slowed by cold attacks.
You have a pair of horns on your head.
You have razor-sharp toenails.


Message History

You are too injured to fight recklessly!
You are too injured to fight recklessly!
You miss the adder.
The adder is severely wounded.
You feel sick. The adder barely misses you.
Casting: Beastly Appendage (safe; 10% risk of failure)
Confirm with . or Enter, or press ? or * to list all spells.
You grow a pair of large bovine horns.
Your feet morph into talons.
The adder bites you.
You feel sick. The adder bites you but does no damage. The adder bites you.
* * * LOW HITPOINT WARNING * * *
You are more poisoned.
The adder poisons you!
You closely miss the adder.
The adder is severely wounded.
* * * LOW HITPOINT WARNING * * *
You feel sick. The adder closely misses you.
You barely miss the adder. Your headbutt misses the adder.
The adder is severely wounded.
You die...

#.# .....
#.#####.##......
#...............
#####.#.######## ##
#.#.# #.# .# # #.#
#.# .# #.#
#.#####.##
####.#.###.........
#.@SS#...........##
##.###########......
#......######...###.
#..###..........[...
#..# #####...##..
#..#####....)..###..
#........##....# #..
#..########.##.# #..
#..# #. #.# #..


You could see 2 adders.

Vanquished Creatures
  2 dart slugs
  A leopard gecko (D:2)
  A ball python (D:1)
  2 bats
  A giant cockroach (D:1)
  A goblin (D:2)
  2 hobgoblins (D:1)
  5 kobolds
  4 rats
19 creatures vanquished.

Notes
Turn   | Place    | Note
-------+----------+-------------------------------------------
     0 | D:1      | kae the Draconian Transmuter began the quest for the Orb.
     0 | D:1      | Reached XP level 1. HP: 16/16 MP: 3/3
   327 | D:1      | Reached XP level 2. HP: 21/23 MP: 3/5
   666 | D:2      | Found an opulent altar of Gozag.
  1119 | D:2      | Found a stormy altar of Qazlal.
  1128 | D:2      | Noticed an air elemental
  1129 | D:2      | Noticed a water elemental
  1129 | D:2      | Noticed an earth elemental
  1129 | D:2      | Noticed a fire elemental
  1176 | D:2      | Succumbed to an adder's poison

Illustrated notes

Levels and vault maps discovered:
D:1:      scummos_arrival_gate, layout_rooms
D:2:      layout_loops_ring, old_standard_altar, lemuel_blue_sif_altar,
          amethyst_overflow_temple_binary, minivault_14,
          nicolae_qazlal_style_of_elements

Skill      XL: |  1  2 |
---------------+-------+-----
Dodging        | 2 |  2.0
Fighting       | |  1.4
Unarmed Combat | |  3.4
Spellcasting   | |  2.2
Transmutations | |  2.2

Action                   || total
-------------------------++-------
Melee: Unarmed           ||    68
       Kick              ||    10
       Headbutt          ||     5
       Tailslap          ||     6
       Punch             ||     1
 Cast: Beastly Appendage ||    17
  Use: Scroll            ||     2
Armor: Skin              ||    18
Dodge: Dodged            ||    59

Table legend: (Time is in decaauts)
 A = Elapsed time spent in this place.
 B = Non-inter-level travel time spent in this place.
 C = Inter-level travel time spent in this place.
 D = Time resting spent in this place.
 E = Time spent auto-exploring this place.
 F = Levels seen in this place.
 G = Mean time per level.
                   A        B        C        D        E       F      G
               +--------+--------+--------+--------+--------+-----+--------+
         Total |   1171 |   1167 |      4 |      0 |    987 |   2 |  585.5 |
       Dungeon |   1171 |   1167 |      4 |      0 |    987 |   2 |  585.5 |
               +--------+--------+--------+--------+--------+-----+--------+

Top non-repeatable levels by time:
     D:1: 651 daAuts
     D:2: 520 daAuts
